 Dungeon Crawl Stone Soup version 0.30-a0-782-ge64f9170bb (webtiles) character file.

Game seed: 7424787593680284493

12 wolong the Magician (level 2, -3/20 HPs)
             Began as a Gnoll Wanderer on Feb 22, 2023.
             Frozen to death by an endoplasm (4 damage)
             ... on level 1 of the Dungeon.
             The game lasted 00:02:24 (481 turns).

wolong the Magician (Gnoll Wanderer)                 Turns: 481, Time: 00:02:25

Health: -3/20      AC:  6    Str:  8    XL:     2   Next: 33%
Magic:  8/10       EV:  3    Int: 15    God:
Gold:   22         SH:  9    Dex: 10    Spells: 14/15 levels left

rFire   . . .      SeeInvis .    a - +0 dagger
rCold   . . .      Faith    .    i - +0 tower shield
rNeg    . . .      Spirit   .    c - +0 scale mail
rPois   .          Reflect  .    (no helmet)
rElec   .          Harm     .    (no cloak)
rCorr   .          Rampage  .    (no gloves)
Will    .....                    (no boots) Stlth
                                 (no amulet)
HPRegen 0.23/turn                (no ring)
MPRegen 0.12/turn                (no ring)

@: very slightly contaminated
A: fangs 1, strong nose, distributed training
a: no special abilities


You were on level 1 of the Dungeon.
You visited 1 branch of the dungeon, and saw 1 of its levels.

You collected 22 gold pieces.

Inventory:

Hand Weapons
 a - a +0 dagger (weapon)
Armour
 c - a +0 scale mail (worn)
 i - a +0 tower shield (worn)
Magical Staves
 h - a staff of earth
Scrolls
 b - a scroll of fear
 d - a scroll of identify {unknown}
 e - 3 scrolls of teleportation {unknown}
 g - a scroll of immolation {unknown}
Potions
 f - a potion of haste {unknown}


   Skills:
 + Level 0.4 Fighting
 + Level 0.4 Short Blades
 + Level 0.4 Long Blades
 + Level 0.4 Axes
 + Level 0.4 Maces & Flails
 + Level 0.4 Polearms
 + Level 0.4 Staves
 + Level 0.4 Ranged Weapons
 + Level 2.5 Throwing
 + Level 2.5 Armour
 + Level 2.5 Dodging
 + Level 0.4 Stealth
 + Level 0.4 Shields
 + Level 0.4 Unarmed Combat
 + Level 7.1 Spellcasting
 + Level 0.2 Conjurations
 + Level 0.2 Hexes
 + Level 0.2 Summonings
 + Level 0.2 Necromancy
 + Level 0.2 Translocations
 + Level 0.2 Transmutations
 + Level 7.0 Fire Magic
 + Level 0.2 Ice Magic
 + Level 0.2 Air Magic
 + Level 0.2 Earth Magic
 + Level 0.2 Poison Magic
 + Level 0.5 Invocations
 + Level 0.4 Evocations


You had 14 spell levels left.
You knew the following spells:

 Your Spells              Type           Power      Damage    Failure   Level
a - Foxfire               Conj/Fire      64%        2x1d7     99%         1

Your spell library contained the following spells:

 Spells                   Type           Power      Damage    Failure   Level
 Cigotuvi's Dreadful Rot  Necr/Pois/Air  12%        N/A       100%        2
 Sublimation of Blood     Necr           6%         N/A       100%        2
 Ignite Poison            Fire/Tmut/Pois 12%        N/A       100%        3
 Kindle Blastsparks       Fire/Tloc/Air  24%        2d12      100%        3


Dungeon Overview and Level Annotations

Branches:
Dungeon (1/15)

Altars:


Innate Abilities, Weirdness & Mutations

You have very sharp teeth.
Your uncanny sense of smell can sniff out nearby items.
Your experience applies equally to all skills.


Message History

Found a tower shield.
You see here 5 stones.
Found 5 stones.
You see here a +0 tower shield.
i - a +0 tower shield You start putting on your armour.
You continue putting on your +0 tower shield. x4
You finish putting on your +0 tower shield.
An endoplasm comes into view.
The endoplasm quivers.
An endoplasm is nearby!
The endoplasm freezes you.
You are frozen.
You hit the endoplasm but do no damage. The endoplasm freezes you.
You are frozen.
You block the endoplasm's attack.
You completely miss the endoplasm. The endoplasm freezes you.
You are frozen.
You hit the endoplasm.
The endoplasm is lightly wounded.
The endoplasm freezes you.
You are frozen.
The endoplasm freezes you.
You are frozen.
* * * LOW HITPOINT WARNING * * *
Casting: Foxfire (safe; 99% risk of failure)
Press: ? - help, Q - select action Dir - look around, f - activate You miscast Foxfire.
You are very lightly contaminated with residual magic.
Nothing appears to happen.
The endoplasm freezes you.
You are frozen.
* * * LOW HITPOINT WARNING * * *
Casting: Foxfire (safe; 99% risk of failure)
Press: ? - help, Q - select action Dir - look around, f - activate You miscast Foxfire.
Nothing appears to happen.
The endoplasm freezes you.
You are frozen.
You die...

#....####
#.......##
#........##
##........#########
#.....##......(..#
∆##..#####..#####.
#..# ##.#### # ##.#
#....# . #@#
####.### # #J#
#...#### #.#
###.(... ..#
#######.. ....
......... ...##
#####.... ####
#...> #.... #....


You could see an endoplasm.

Vanquished Creatures
  A bat (D:1)
  2 goblins (D:1)
  2 quokkas (D:1)
  3 ball pythons (D:1)
  A frilled lizard (D:1)
  2 kobolds (D:1)
  2 rats (D:1)
13 creatures vanquished.

Vanquished Creatures (others)
  11 foxfires (D:1)
11 creatures vanquished.

Grand Total: 24 creatures vanquished

Notes
Turn   | Place    | Note
-------+----------+-------------------------------------------
     0 | D:1      | wolong the Gnoll Wanderer began the quest for the Orb.
     0 | D:1      | wolong set off with the following items: a +0 dagger, a
                  | scroll of fear, a +0 scale mail; and the following spell
                  | memorised: Foxfire; and the following spells available to
                  | memorise: Ignite Poison, Kindle Blastsparks, Cigotuvi's
                  | Dreadful Rot, Sublimation of Blood.
     0 | D:1      | Reached XP level 1. HP: 13/13 MP: 8/8
   234 | D:1      | Reached XP level 2. HP: 16/19 MP: 10/10
   480 | D:1      | HP: 1/20 [frozen (1)]
   481 | D:1      | Frozen to death by an endoplasm

Illustrated notes

Levels and vault maps discovered:
D:1:      lightli_arrival_chessboard, layout_rooms,
          hellmonk_ecumenical_altar_zigzags

Action                     || total
---------------------------++-------
  Melee: Dagger            ||    54
         Bite              ||     4
   Cast: Foxfire           ||     8
 Armour: Scale mail        ||    29
  Dodge: Dodged            ||    18
  Block: Tower shield      ||     1

Table legend: (Time is in decaauts)
 A = Elapsed time spent in this place.
 B = Non-inter-level travel time spent in this place.
 C = Inter-level travel time spent in this place.
 D = Time resting spent in this place.
 E = Time spent auto-exploring this place.
 F = Levels seen in this place.
 G = Mean time per level.
                   A        B        C        D        E       F      G
               +--------+--------+--------+--------+--------+-----+--------+
         Total |    482 |    482 |      0 |      0 |    331 |   1 |  482.0 |
       Dungeon |    482 |    482 |      0 |      0 |    331 |   1 |  482.0 |
               +--------+--------+--------+--------+--------+-----+--------+

Top non-repeatable levels by time:
     D:1: 482 daAuts
